 Dungeon Crawl Stone Soup version 0.13.0-7-g3df9ff1 (webtiles) character file.

882 GayManTrain the Ruffian (level 6, -8/62 HPs)
             Began as a Troll Berserker on Oct 16, 2013.
             Was a Priest of Trog.
             Succumbed to a kobold's poison
             ... on Level 5 of the Dungeon.
             The game lasted 00:10:40 (2902 turns).

GayManTrain the Ruffian (Troll Berserker)           Turns: 2902, Time: 00:10:40

HP  -8/62        AC  6     Str 26      XL: 6   Next: 85%
MP   2/2         EV 11     Int  3      God: Trog [***...]
Gold 406         SH  0     Dex 11      Spells:  0 memorised,  5 levels left

Res.Fire  : . . .   See Invis. : .     - Unarmed
Res.Cold  : + . .   Warding    : .   y - +0 elf robe (curse)
Life Prot.: . . .   Conserve   : .   (shield restricted)
Res.Poison: .       Res.Corr.  : .   l - +1 wizard hat (curse)
Res.Elec. : .       Clarity    : +   (no cloak)
Sust.Abil.: . .     Spirit.Shd : .   (gloves unavailable)
Res.Mut.  : .       Stasis     : .   (boots unavailable)
Res.Rott. : .       Flight     : .   i - amulet of clarity
Gourmand  : +                        (no ring)
                                     r - ring of protection from cold

@: extremely poisoned, slightly resistant to hostile enchantments, unstealthy
A: unfitting armour, claws 3, fast metabolism 3, gourmand, regeneration 2,
saprovore 2, tough skin 2, AC +1
a: Burn Spellbooks, Berserk, Trog's Hand, Renounce Religion


You were on level 5 of the Dungeon.
You worshipped Trog.
Trog was most pleased with you.
You were full.

You visited 1 branch of the dungeon, and saw 5 of its levels.
You also visited: Ossuary.

You collected 386 gold pieces.

Inventory:

Armour
 l - a cursed +1 wizard hat (worn)
 y - a cursed +0 elven robe (worn)
Comestibles
 a - 2 meat rations
 j - a pear
 t - 3 bread rations
Scrolls
 b - a scroll of enchant weapon II {unknown}
 c - a scroll of amnesia {unknown}
 d - 2 scrolls of remove curse {unknown}
 e - 5 scrolls of teleportation {unknown}
 f - a scroll of fog {unknown}
 g - a scroll of recharging {unknown}
 h - a scroll of fear {unknown}
 k - a scroll of identify {unknown}
 o - 2 scrolls of curse weapon {unknown}
Jewellery
 i - an amulet of clarity (around neck)
 r - a ring of protection from cold (left claw)
Potions
 m - a potion of agility {unknown}
 n - 2 potions of speed {unknown}
 p - a potion of curing {unknown}
 q - a potion of slowing {unknown}
 s - a potion of berserk rage {unknown}
 u - 2 potions of confusion {unknown}
 w - 2 potions of degeneration {unknown}
 x - a potion of heal wounds {unknown}


   Skills:
 + Level 3.5 Fighting
 + Level 4.4 Dodging
 + Level 0.6 Stealth
 + Level 5.5 Unarmed Combat


You had 5 spell levels left.
You didn't know any spells.

Dungeon Overview and Level Annotations

Branches:
Dungeon (5/27)
 Temple: D:4-7

Altars:
Cheibriados
Elyvilon
Nemelex Xobeh


Innate Abilities, Weirdness & Mutations

You are too large for most types of armour.
You have claws for hands.
Your metabolism is lightning-fast.
You like to eat raw meat.
You heal very quickly.
You can eat rotten meat.
You are covered in fur (AC +1).
You have very tough skin (AC +2).


Message History

The hobgoblin zombie hits you.
* * * LOW HITPOINT WARNING * * *
The kobold shoots a poisoned needle.
The poisoned needle misses you.
The poisoned needle hits the hobgoblin zombie.
It hits you but does no damage.
You claw the hobgoblin zombie!
You destroy the hobgoblin zombie!
* * * LOW HITPOINT WARNING * * *
You feel very sick.
You are too injured to fight recklessly!
* * * LOW HITPOINT WARNING * * *
You feel extremely sick.
The kobold unwields an uncursed blowgun.
The kobold wields an elven short sword.
The kobold closely misses you.
You claw the kobold!
You kill the kobold!
Trog accepts your kill.
Your skin stops crawling.
You feel less resistant to hostile enchantments.
You die...

#.......
####........
..............
................
.................
.................
........)).......#
........)(<.......#
####..)@.........#
#..########### #.
.. .. .


There were no monsters in sight!

Vanquished Creatures
  Duvessa (D:4)
  Blork the orc (D:4)
  Dowan (D:4)
  A jelly (D:3)
  A scorpion (D:4)
  2 orc wizards (D:5)
  A big kobold zombie (Ossuary)
  2 mummies (Ossuary)
  5 adders
  An inept feature mimic (D:3)
  2 worms
  2 giant geckos
  An ooze (D:2)
  5 orcs
  2 giant cockroaches
  4 gnoll zombies (Ossuary)
  6 goblins
  10 hobgoblins
  10 bats
  A giant gecko skeleton (D:4)
  A giant newt (D:1)
  6 goblin zombies (Ossuary)
  2 hobgoblin zombies
  7 jackals
  6 kobolds
  A kobold skeleton (D:4)
  2 orc zombies (Ossuary)
  12 rats
  A bush (D:1)
97 creatures vanquished.

Notes
Turn   | Place    | Note
--------------------------------------------------------------
     0 | D:1      | GayManTrain, the Troll Berserker, began the quest for the Orb.
     0 | D:1      | Reached XP level 1. HP: 23/23 MP: 0/0
   278 | D:1      | Reached XP level 2. HP: 31/31 MP: 0/0
   752 | D:2      | Reached XP level 3. HP: 37/37 MP: 1/1
   892 | D:2      | Acquired Trog's second power
   968 | D:2      | Found a white marble altar of Elyvilon.
  1437 | D:3      | Reached XP level 4. HP: 29/46 MP: 1/1
  1545 | D:3      | Reached skill level 4 in Unarmed Combat
  2021 | D:3      | Reached XP level 5. HP: 53/53 MP: 1/1
  2212 | D:4      | Noticed Dowan
  2213 | D:4      | Noticed Duvessa
  2221 | D:4      | Killed Duvessa
  2230 | D:4      | Killed Dowan
  2369 | D:4      | Noticed Blork the orc
  2380 | D:4      | Killed Blork the orc
  2380 | D:4      | Reached skill level 5 in Unarmed Combat
  2380 | D:4      | Reached XP level 6. HP: 36/62 MP: 2/2
  2399 | D:4      | Found a sand-covered staircase.
  2403 | Ossuary  | Entered an ossuary
  2815 | D:4      | Found a sparkling altar of Nemelex Xobeh.
  2815 | D:4      | Found a snail-covered altar of Cheibriados.
  2873 | D:5      | Entered Level 5 of the Dungeon
  2902 | D:5      | Succumbed to a kobold's poison

Action                   |  1- 3 |  4- 6 || total
-------------------------+-------+-------++-------
Melee: Unarmed           |   138 |   184 ||   322
Invok: Trog's Hand       |       |     1 ||     1
